 Dungeon Crawl Stone Soup version 0.17.2-1-ge4368a0 (webtiles) character file.

331 Goblin1989 the Skirmisher (level 6, 0/53 HPs)
             Began as a Demonspawn Assassin on Nov 28, 2017.
             Succumbed to an adder's poison
             ... on level 4 of the Dungeon.
             The game lasted 00:09:27 (3127 turns).

Goblin1989 the Skirmisher (Demonspawn Assassin)     Turns: 3127, Time: 00:09:27

Health: 0/53       AC:  4    Str: 11    XL:     6   Next: 26%
Magic:  2/6        EV: 14    Int: 14    God:
Gold:   139        SH:  0    Dex: 15    Spells: 0 memorised, 5 levels left

rFire  . . .     SeeInvis .     b - +0 rapier
rCold  . . .     Clarity  .     c - +0 robe
rNeg   . . .     SustAt   .     (no shield)
rPois  .         Gourm    .     (no helmet)
rElec  .         Spirit   +     d - +0 cloak
rCorr  .         Warding  .     (no gloves)
rMut   .         Stasis   .     k - +0 pair of boots
MR     .....                    u - amulet of guardian spirit
Stlth  +++.......               (no ring)
                                (no ring)

@: lethally poisoned (0 -> -9), not resistant to hostile enchantments, fairly
stealthy
A: claws 1, repulsion field 2, nightstalker 1
a: no special abilities


You were on level 4 of the Dungeon.
You were very hungry.

You visited 1 branch of the dungeon, and saw 4 of its levels.

You collected 139 gold pieces.

Inventory:

Hand Weapons
 a - a +2 dagger
 b - a +0 rapier (weapon)
 w - a +0 blowgun {@w1}
Missiles
 g - 8 poisoned needles
 s - 2 curare-tipped needles
Armour
 c - a +0 robe (worn)
 d - a +0 cloak (worn)
 h - a +0 ring mail
 k - a +0 pair of boots (worn)
Jewellery
 p - an amulet of stasis {!P}
 u - an amulet of guardian spirit (around neck)
Scrolls
 j - a scroll of recharging {unknown}
 m - 2 scrolls of enchant armour
 z - 2 scrolls of remove curse {@r2}
 D - a scroll of blinking {unknown}
 R - a scroll of identify {@r1}
Potions
 f - a potion of curing {unknown}
 i - 2 potions of brilliance
 l - a potion of mutation {unknown}
 q - 2 potions of ambrosia
 r - a potion of degeneration {unknown}
 t - a potion of agility
 y - a potion of haste
 B - a potion of flight
Books
 x - a book of Death

   Spells                             Type                      Level
   a - Corpse Rot                     Necromancy                   2
   b - Sublimation of Blood           Necromancy                   2
   c - Agony                          Necromancy                   5
   d - Dispel Undead                  Necromancy                   5
   e - Excruciating Wounds            Charms/Necromancy            5
   f - Bolt of Draining               Conjuration/Necromancy       5
 A - a book of Fire

   Spells                             Type                      Level
   a - Ignite Poison                  Fire/Transmutation/Poison    3
   b - Fireball                       Conjuration/Fire             5
   c - Bolt of Fire                   Conjuration/Fire             6
   d - Delayed Fireball               Conjuration/Fire             7
   e - Ring of Flames                 Charms/Fire                  7
 C - a book of the Tempests

   Spells                             Type                      Level
   a - Static Discharge               Conjuration/Air              3
   b - Lightning Bolt                 Conjuration/Air              5
   c - Fireball                       Conjuration/Fire             5
   d - Tornado                        Air                          9
   e - Shatter                        Earth                        9
Comestibles
 e - 2 bread rations {@e1}
 n - 3 slices of pizza
 o - 4 fruits
 v - a meat ration {@e2}


   Skills:
 + Level 6.7 Fighting
 - Level 1.7 Short Blades
 - Level 1.7 Throwing
 - Level 0.8 Dodging
 - Level 3.6 Stealth


You had 5 spell levels left.
You didn't know any spells.

Dungeon Overview and Level Annotations

Branches:
Dungeon (4/15)
 Temple: D:4-7

Altars:
Cheibriados
Fedhas
Vehumet

Annotations:
D:4 exclusion: Menkaure, Eustachio, Menkaure


Innate Abilities, Weirdness & Mutations

You have sharp fingernails.
You are surrounded by a moderate repulsion field (EV +3).
You are slightly more attuned to the shadows.


Message History

* * * LOW HITPOINT WARNING * * *
You are more poisoned.
The adder poisons you!
The giant gecko skeleton barely misses you.
That choko was very bland.
You take 3 damage, and have 21/53 hp.
You closely miss the adder.
The adder is heavily wounded.
You feel sick.
The jackal bites you but does no damage.
The adder bites you but does no damage.
The giant gecko skeleton barely misses you.
The jackal closely misses you.
You take 1 damage, and have 20/53 hp.
You miss the adder.
The adder is heavily wounded.
The adder misses you. The jackal bites you.
The giant gecko skeleton closely misses you.
The adder barely misses you.
You now have 2/6 mp.
You closely miss the adder.
The adder is heavily wounded.
You feel sick. The jackal barely misses you. The adder closely misses you.
The giant gecko skeleton bites you.
* * * LOW HITPOINT WARNING * * *
The jackal closely misses you.
You take 3 damage, and have 17/53 hp.
You hit the adder.
The adder is severely wounded.
You feel sick. The adder closely misses you.
The jackal bites you but does no damage.
The giant gecko skeleton misses you. The adder barely misses you.
You hit the adder.
You kill the adder!
You feel sick. The jackal barely misses you.
The giant gecko skeleton barely misses you.
The jackal bites you.
* * * LOW HITPOINT WARNING * * *
You take 2 damage, and have 15/53 hp.
You see here an adder corpse.
Unknown command.
You feel sick.
You take 1 damage, and have 14/53 hp.
The giant gecko skeleton closely misses you.
Found a stone staircase leading down.
You feel sick.
You take 1 damage, and have 14/53 hp.
You feel sick.
You take 1 damage, and have 13/53 hp.
You feel sick.
You take 1 damage, and have 13/53 hp.
You feel sick.
You take 1 damage, and have 12/53 hp.
An adder comes into view.
You feel sick.
You take 1 damage, and have 12/53 hp.
The adder barely misses you. The adder bites you.
* * * LOW HITPOINT WARNING * * *
You are more poisoned.
The adder poisons you!
You take 2 damage, and have 10/53 hp.
You now have 4/6 mp.
You feel sick.
You take 1 damage, and have 9/53 hp.
The adder barely misses you.
You closely miss the adder.
You feel sick. The adder closely misses you.
You take 1 damage, and have 9/53 hp.
You hit the adder.
The adder is lightly wounded.
The adder bites you but does no damage. The adder closely misses you.
You closely miss the adder.
The adder is lightly wounded.
You feel sick. The adder closely misses you.
You take 1 damage, and have 8/53 hp.
You barely miss the adder.
The adder is lightly wounded.
The adder bites you.
* * * LOW HITPOINT WARNING * * *
You are lethally poisoned!
The adder poisons you! The adder closely misses you.
You take 1 damage, and have 7/53 hp.
You now have 3/6 mp.
You closely miss the adder.
The adder is lightly wounded.
* * * LOW HITPOINT WARNING * * *
You feel sick. The adder barely misses you.
You hit the adder but do no damage.
The adder is lightly wounded.
* * * LOW HITPOINT WARNING * * *
You feel sick. The adder barely misses you. The adder bites you.
* * * LOW HITPOINT WARNING * * *
You take 2 damage, and have 5/53 hp.
You now have 3/6 mp.
You hit the adder but do no damage.
The adder is lightly wounded.
* * * LOW HITPOINT WARNING * * *
You feel sick. The adder bites you.
* * * LOW HITPOINT WARNING * * *
You are more poisoned.
The adder poisons you!
You take 4 damage, and have 1/53 hp.
You now have 2/6 mp.
You hit the adder.
The adder is heavily wounded.
You die...

█ ███ █ ..█ █
█.██ █ █.██████ █
█Zh....█████████
██Z████..........
█.███S██


███████████ █..@██ █ ██.██ . █. █ █. █ █. █. ██ You could see an adder, a
jackal, a giant gecko skeleton and a quokka skeleton.

Vanquished Creatures
  A scorpion (D:3)
  A worker ant (D:4)
  Natasha (D:2)
  8 adders
  2 worms (D:3)
  2 giant geckos
  7 orcs
  15 bats
  5 giant cockroaches
  8 goblins
  7 hobgoblins
  A jackal (D:4)
  6 quokkas
  A ball python (D:2)
  7 giant newts
  8 kobolds
  9 rats
89 creatures vanquished.

Notes
Turn   | Place    | Note
--------------------------------------------------------------
     0 | D:1      | Goblin1989 the Demonspawn Assassin began the quest for the Orb.
     0 | D:1      | Reached XP level 1. HP: 16/16 MP: 1/1
   213 | D:1      | Gained mutation: You are surrounded by a mild repulsion field (EV +2). [demonic ancestry]
   213 | D:1      | Reached XP level 2. HP: 23/23 MP: 2/2
   683 | D:2      | Reached XP level 3. HP: 28/30 MP: 3/3
   738 | D:2      | Reached skill level 4 in Fighting
  1004 | D:2      | Found a snail-covered altar of Cheibriados.
  1168 | D:2      | Gained mutation: You are slightly more attuned to the shadows. [demonic ancestry]
  1168 | D:2      | Reached XP level 4. HP: 26/38 MP: 4/4
  1169 | D:2      | Noticed Natasha
  1190 | D:2      | Killed Natasha
  1943 | D:3      | Reached skill level 5 in Fighting
  1986 | D:3      | Gained mutation: You are surrounded by a moderate repulsion field (EV +3). [demonic ancestry]
  1986 | D:3      | Reached XP level 5. HP: 6/44 MP: 5/5
  2313 | D:3      | Found a radiant altar of Vehumet.
  2629 | D:3      | Reached skill level 6 in Fighting
  2640 | D:3      | Gained mutation: You have sharp fingernails. [demonic ancestry]
  2640 | D:3      | Reached XP level 6. HP: 49/53 MP: 6/6
  2675 | D:3      | HP: 2/53 [orc wizard/puff of frost (7)]
  2807 | D:4      | Noticed Eustachio
  2924 | D:4      | Found a blossoming altar of Fedhas.
  3003 | D:4      | Noticed Menkaure
  3126 | D:4      | HP: 1/53 [adder (3)]
  3127 | D:4      | Succumbed to an adder's poison

Action                   |  1- 3 |  4- 6 || total
-------------------------+-------+-------++-------
Melee: Dagger            |    79 |    47 ||   126
       Rapier            |       |   164 ||   164
 Fire: Blowgun           |     8 |     5 ||    13
  Use: Scroll            |       |     8 ||     8
       Potion            |       |     2 ||     2
 Stab: Sleeping          |    11 |    22 ||    33
  Eat: Chunk             |     1 |     4 ||     5
       Fruit             |       |     1 ||     1

Vault maps used:
D:1:      grunt_arrival_crossed_arrows
D:2:      first_bread, cheibriados_altar_1, uniq_natasha
D:3:      vehumet_crystals, goddamned_bats
D:4:      lemuel_coloured_pillars_altar, portal_sewer_entry_e, uniq_eustachio,
          uniq_menkaure
